 Dungeon Crawl Stone Soup version 0.19.0-2-gae57169 (webtiles) character file.

221823 Khazard the Executioner (level 19, -10/169 HPs)
             Began as a Hill Orc Berserker on Nov 5, 2016.
             Was the Champion of Trog.
             Shot with an arrow by a deep elf archer (11 damage)
             ... led by an ironheart preserver
             ... on level 3 of the Vaults.
             The game lasted 00:47:37 (28942 turns).

Khazard the Executioner (Hill Orc Berserker)       Turns: 28942, Time: 00:47:38

Health: -10/169    AC: 26    Str: 27    XL:     19   Next: 21%
Magic:  26/26      EV: 17    Int:  8    God:    Trog [******]
Gold:   1856       SH:  0    Dex: 15    Spells: 0 memorised, 18 levels left

rFire  + . .     SeeInvis +     V - +3 battleaxe (vamp)
rCold  . . .     Gourm    .     X - +2 plate armour {rF+}
rNeg   + . .     Faith    .     (shield currently unavailable)
rPois  +         Spirit   .     z - +1 hat "Wuorih Yfyw" {rN+ Int-2 SInv Stlth+}
rElec  .         Reflect  .     Q - +0 cloak
rCorr  .         Harm     .     d - +0 pair of gloves "Foelirof" {rPois MR+ Int+3}
MR     ++++.                    G - +0 pair of boots (curse)
Stlth  ..........               n - amulet "Xowkel" {+Rage +Inv Str+4}
                                Z - ring of see invisible
                                e - +3 ring of evasion

@: exhausted, very slightly contaminated, regenerating, slowed, very slow
A: no striking features
a: Berserk, Trog's Hand, Brothers in Arms, Burn Spellbooks, Renounce Religion,
Evoke Berserk Rage, Evoke Invisibility
}: 1/15 runes: decaying


You were on level 3 of the Vaults.
You worshipped Trog.
Trog was exalted by your worship.
You were not hungry.

You visited 5 branches of the dungeon, and saw 30 of its levels.

You collected 4605 gold pieces.
You spent 2749 gold pieces at shops.

Inventory:

Hand Weapons
 a - a +3 executioner's axe of chopping
 b - a +0 great mace of holy wrath
 O - a +5 great mace of crushing
 V - a +3 vampiric battleaxe (weapon)
Missiles
 s - 2 throwing nets (quivered)
Armour
 d - the +0 pair of gloves "Foelirof" (worn) {rPois MR+ Int+3}
   (You acquired it on level 3 of the Lair of Beasts)

   It affects your intelligence (+3).
   It protects you from poison.
   It affects your resistance to hostile enchantments.
 m - a +0 helmet of intelligence
 z - the +1 hat "Wuorih Yfyw" (worn) {rN+ Int-2 SInv Stlth+}
   (You bought it in a shop on level 2 of the Vaults)

   It affects your intelligence (-2).
   It protects you from negative energy.
   It lets you see invisible.
   It makes you more stealthy.
 G - a cursed +0 pair of boots (worn)
 Q - a +0 cloak (worn)
 R - +0 fire dragon scales
 X - a +2 plate armour of fire resistance (worn)
Rods
 u - a +6 rod of clouds (16/16)
   (You bought it in a shop on level 1 of the Orcish Mines)
Jewellery
 e - a +3 ring of evasion (left hand)
 n - the amulet "Xowkel" (around neck) {+Rage +Inv Str+4}
   (You found it on level 6 of the Lair of Beasts)

   [amulet of rage]

   It affects your strength (+4).
   It lets you turn invisible.
   It lets you go berserk.
 t - an uncursed ring of flight
 Z - a ring of see invisible (right hand)
Wands
 h - a wand of random effects (24/48)
 A - a wand of teleportation (3/9)
 D - a wand of iceblast (6/15)
 I - a wand of disintegration (4/24)
 U - a wand of random effects (25/48)
 W - a wand of acid (9/15)
Scrolls
 g - a scroll of fog
 l - 3 scrolls of fear
 o - 7 scrolls of teleportation
 B - a scroll of identify
 C - 3 scrolls of blinking
 E - a scroll of recharging
 F - 7 scrolls of enchant armour
 J - 9 scrolls of remove curse
 Y - 2 scrolls of enchant weapon
Potions
 c - 5 potions of curing
 i - a potion of resistance
 j - 6 potions of brilliance
 q - 2 potions of flight
 x - a potion of ambrosia
 N - 3 potions of cancellation
 S - 2 potions of invisibility
 T - a potion of might
Books
 k - a book of Misfortune

   Spells                             Type                      Level
   a - Confusing Touch                Hexes                        1
   b - Confuse                        Hexes                        3
   c - Gell's Gravitas                Hexes/Translocation          3
   d - Petrify                        Transmutation/Earth          4
   e - Metabolic Englaciation         Hexes/Ice                    5
   f - Yara's Violent Unravelling     Hexes/Transmutation          5
   Trog disapproves of the use of such an item.
 r - a book of the Tempests

   Spells                             Type                      Level
   a - Static Discharge               Conjuration/Air              3
   b - Lightning Bolt                 Conjuration/Air              5
   c - Fireball                       Conjuration/Fire             5
   d - Tornado                        Air                          9
   e - Shatter                        Earth                        9
   Trog disapproves of the use of such an item.
 v - a book of the Warp

   Spells                             Type                      Level
   a - Gell's Gravitas                Hexes/Translocation          3
   b - Portal Projectile              Translocation                3
   c - Force Lance                    Conjuration/Translocation    4
   d - Dispersal                      Translocation                6
   e - Controlled Blink               Translocation                8
   f - Disjunction                    Translocation                8
   Trog disapproves of the use of such an item.
 w - a book of Cantrips

   Spells                             Type                      Level
   a - Confusing Touch                Hexes                        1
   b - Animate Skeleton               Necromancy                   1
   c - Summon Small Mammal            Summoning                    1
   d - Apportation                    Translocation                1
   Trog disapproves of the use of such an item.
 y - a book of Enchantments

   Spells                             Type                      Level
   a - Cause Fear                     Hexes                        4
   b - Yara's Violent Unravelling     Hexes/Transmutation          5
   c - Silence                        Hexes/Air                    5
   d - Deflect Missiles               Charms/Air                   6
   e - Discord                        Hexes                        8
   Trog disapproves of the use of such an item.
 K - a book of Frost

   Spells                             Type                      Level
   a - Freeze                         Ice                          1
   b - Throw Frost                    Conjuration/Ice              2
   c - Ozocubu's Armour               Charms/Ice                   3
   d - Throw Icicle                   Conjuration/Ice              4
   e - Summon Ice Beast               Ice/Summoning                4
   Trog disapproves of the use of such an item.
 M - a book of Fire

   Spells                             Type                      Level
   a - Ignite Poison                  Fire/Transmutation/Poison    3
   b - Fireball                       Conjuration/Fire             5
   c - Bolt of Fire                   Conjuration/Fire             6
   d - Delayed Fireball               Conjuration/Fire             7
   e - Ring of Flames                 Charms/Fire                  7
   Trog disapproves of the use of such an item.
Comestibles
 p - 2 meat rations
 H - 5 slices of pizza
 L - 10 bread rations
 P - 9 fruits


   Skills:
 + Level 14.8 Fighting
 - Level 26.7 Axes
 + Level 16.9 Armour
 + Level 10.0 Dodging
 - Level 9.6 Evocations


You had 18 spell levels left.
You didn't know any spells.

Dungeon Overview and Level Annotations

Branches:
Dungeon (15/15)            Temple (0/1) D:7            Lair (6/6) D:9
  Swamp (4/4) Lair:3        Snake (0/4) Lair:4        Slime (0/5) Lair:5
    Orc (2/2) D:9             Elf (0/3) Orc:2        Vaults (3/5) D:14
 Depths (0/5) D:15
  Crypt: Vaults:2-3

Altars:
Dithmenos
Fedhas
Gozag
Hepliaklqana
Kikubaaqudgha
Nemelex Xobeh
Qazlal
Trog
Vehumet
Beogh

Shops:
D:9 *   Orc:1 }   Orc:2 *[(=   Vaults:2 [*[


Message History

The deep elf archer shoots an arrow.
The arrow hits you!
* * * LOW HITPOINT WARNING * * *
The deep elf archer hits you with an uncursed dagger!
* * * LOW HITPOINT WARNING * * *
Items here: ( ))) [[[ †† Unknown command.
Okay, then.
Blink to where?
Press: ? - help, Dir - move target cursor You are very lightly contaminated with residual magic.
As you read the scroll of blinking, it crumbles to dust.
The deep elf archer shoots an arrow.
The arrow hits you but does no damage.
The ironheart preserver mumbles some strange words.
The ironheart preserver begins to accept its allies' injuries.
The deep elf archer unwields an uncursed dagger.
The deep elf archer wields an uncursed shortbow.
The deep elf archer shoots an arrow.
The arrow hits you!!
* * * LOW HITPOINT WARNING * * *
The deep elf archer shoots an arrow.
The arrow hits you!
You die...

....................
....................
..................#
..................#
..................#
..................#
.....#######......#
....## ##.....# .#
...## ##..@.# ..#
..##...########..#
..##.............
..##............
..##(.)........
#..#..)).......
#.8#..)........
#§p#pee........
#TT)(..........


You could see an ironheart preserver and 2 deep elf archers.

Vanquished Creatures
  Saint Roka (Orc:2)
  Rupert (Orc:2)
  Frances (D:14)
  3 thorn hunters
  A tengu reaver (Vaults:3)
  The ghost of esc the Grappler, an adept VSFi of Zin (D:15)
  A deep elf sorcerer (Vaults:2)
  10 vault wardens
  The ghost of puimuR the Arsonist, a journeyman OpWr of Vehumet (Swamp:4)
  10 ironheart preservers
  A stone giant (Vaults:2)
  A very ugly thing (Vaults:1)
  A deep elf demonologist (Vaults:2)
  6 dire elephants (Lair:6)
  Snorg (D:14)
  An ettin (Vaults:2)
  A fire dragon (Vaults:1)
  4 yaktaur captains
  Fannar (Lair:1)
  17 hydras
  A great orb of eyes (Vaults:1)
  4 vault guards
  4 rakshasas
  2 ghost crabs
  An anaconda (Lair:6)
  12 alligators
  A hell hog (shapeshifter) (Vaults:2)
  6 centaur warriors
  A death knight (Vaults:1)
  A tengu warrior (D:15)
  8 ogre magi
  5 death yaks (Lair:3)
  Nergalle (Orc:2)
  An orc high priest (Orc:2)
  4 deep elf knights
  Sonja (Orc:2)
  A shadow wraith (Vaults:2)
  2 unseen horrors
  A glowing orange brain (Vaults:2)
  2 spriggan druids (Swamp:4)
  11 swamp dragons
  11 orc knights
  4 shambling mangroves
  A flayed ghost (Vaults:1)
  5 wizards
  2 necromancers
  13 ironbrand convokers
  An orange crystal statue (D:15)
  3 harpies (Vaults:1)
  9 hill giants
  13 deep elf magi
  3 deep elf archers
  A wolf spider (Vaults:1)
  4 orc sorcerers
  17 ugly things
  5 cyclopes
  A tengu skeleton (Vaults:1)
  Maurice (D:11)
  The ghost of cedor the Sneak, a novice OpWr of Sif Muna (D:8)
  A moth of wrath (shapeshifter) (Vaults:2)
  19 elephants
  The ghost of Cokeysmoke the Chopper, a novice HOFi of Okawaru (D:5)
  4 black mambas
  2 guardian serpents (D:14)
  Psyche (D:8)
  10 vault sentinels
  A naga mage (D:15)
  An eye of devastation (shapeshifter) (Vaults:1)
  4 gargoyles
  10 spiny frogs
  The ghost of WildSam the Martial Artist, a novice DsFi of Uskayaw (D:4)
  A rime drake (Lair:6)
  5 komodo dragons
  2 centaur skeletons
  A freezing wraith (Vaults:2)
  A redback zombie (D:15)
  25 yaktaurs
  A meliai (D:12)
  6 tyrant leeches
  A jumping spider (shapeshifter) (Vaults:2)
  9 trolls
  A hornet (shapeshifter) (D:13)
  15 hornets
  A harpy skeleton (D:15)
  A polar bear (Lair:5)
  21 two-headed ogres
  14 blink frogs
  15 bog bodies
  11 hippogriffs
  17 dream sheep
  15 slime creatures
  A centaur simulacrum (D:15)
  A meliai zombie (D:10)
  2 shadows
  A vampire (D:12)
  10 spriggans
  4 basilisks
  5 wraiths
  36 yaks
  A wyvern (Lair:3)
  2 hungry ghosts
  6 nagas (Lair:4)
  2 wargs (shapeshifter)
  11 vampire mosquitoes
  2 mottled dragons (Vaults:2)
  17 swamp worms
  A warg (Vaults:1)
  6 insubstantial wisps (Swamp:2)
  A soldier ant (D:12)
  8 water moccasins
  5 porcupines
  2 sky beasts
  11 swamp drakes
  27 orc warriors
  A meliai simulacrum (D:15)
  4 ice beasts
  5 phantoms
  A black bear (D:9)
  38 ogres
  11 boggarts
  2 necrophages
  5 wolves (Lair:3)
  A centaur (shapeshifter) (Vaults:1)
  18 centaurs
  A human skeleton (Vaults:1)
  An elf simulacrum (Vaults:1)
  10 crocodiles
  3 big kobolds
  12 bullfrogs
  A gnoll sergeant (D:11)
  3 wyvern skeletons
  A water moccasin skeleton (D:6)
  5 scorpions
  13 killer bees
  12 wights
  An electric eel (Lair:1)
  6 howler monkeys
  3 centaur zombies
  6 crimson imps
  A human simulacrum (Vaults:1)
  3 jellies
  A quasit (D:6)
  2 yaktaur simulacra
  4 bullfrog zombies
  19 orc priests
  2 gnoll shamans
  8 hounds
  4 iguanas
  18 orc wizards
  3 bullfrog skeletons
  9 worker ants
  4 hell rats (Lair:4)
  3 hound skeletons
  17 gnolls
  12 adders
  2 howler monkey skeletons
  5 shadow imps
  An ooze (D:1)
  An adder zombie (D:8)
  2 adder skeletons
  A worm (D:3)
  A dart slug (D:1)
  4 leopard geckos
  67 orcs
  5 bats
  7 giant cockroaches
  7 goblins
  6 hobgoblins
  8 jackals
  6 quokkas
  A ball python (D:1)
  5 frilled lizards
  11 kobolds
  A quokka zombie (D:5)
  5 rats
  5 briar patches (Swamp:2)
  A bush (D:15)
  2 fungi
  4 plants
1041 creatures vanquished.

Vanquished Creatures (collateral kills)
  the Lernaean hydra (Swamp:4)
  A swamp dragon (Swamp:4)
2 creatures vanquished.

Vanquished Creatures (others)
  A hydra (Swamp:4)
  A swamp dragon (Swamp:4)
  A swamp worm (Swamp:4)
  4 insubstantial wisps (Swamp:4)
  A swamp drake (Swamp:4)
  An orc priest (D:8)
  An orc wizard (D:11)
  4 fungi
  9 plants
23 creatures vanquished.

Grand Total: 1066 creatures vanquished

Notes
Turn   | Place    | Note
-------+----------+-------------------------------------------
     0 | D:1      | Khazard the Hill Orc Berserker began the quest for the Orb.
     0 | D:1      | Reached XP level 1. HP: 19/19 MP: 1/1
   108 | D:1      | Reached XP level 2. HP: 26/26 MP: 2/2
   256 | D:1      | Reached skill level 5 in Axes
   468 | D:1      | Reached XP level 3. HP: 27/31 MP: 3/3
   706 | D:1      | Reached ** piety under Trog
  1083 | D:2      | Reached skill level 6 in Axes
  1293 | D:3      | Reached XP level 4. HP: 37/39 MP: 4/4
  1657 | D:4      | Noticed WildSam's ghost (novice DsFi)
  1670 | D:4      | Killed WildSam's ghost
  1670 | D:4      | Reached skill level 8 in Axes
  1670 | D:4      | Reached XP level 5. HP: 43/45 MP: 5/5
  1670 | D:4      | Reached XP level 6. HP: 49/51 MP: 6/6
  2053 | D:4      | Found a hazy altar of Hepliaklqana.
  2061 | D:4      | Reached skill level 9 in Axes
  2061 | D:4      | Reached XP level 7. HP: 57/57 MP: 7/7
  2348 | D:5      | Entered Level 5 of the Dungeon
  2460 | D:5      | Reached skill level 5 in Armour
  2634 | D:5      | Reached *** piety under Trog
  2666 | D:5      | Reached skill level 10 in Axes
  2701 | D:5      | Found a blossoming altar of Fedhas.
  2731 | D:5      | HP: 1/57 [cloud of flame (10)]
  3076 | D:5      | Reached XP level 8. HP: 64/64 MP: 8/8
  3107 | D:5      | Noticed Cokeysmoke's ghost (novice HOFi)
  3117 | D:5      | Killed Cokeysmoke's ghost
  3117 | D:5      | Reached skill level 11 in Axes
  3423 | D:6      | Noticed a troll
  3429 | D:6      | Killed a troll
  3429 | D:6      | Reached skill level 12 in Axes
  3698 | D:6      | Reached XP level 9. HP: 66/70 MP: 9/9
  3860 | D:6      | Found a shadowy altar of Dithmenos.
  3909 | D:6      | Reached skill level 13 in Axes
  4276 | D:7      | Found a bloodstained altar of Trog.
  4359 | D:7      | Reached **** piety under Trog
  4466 | D:7      | Found a staircase to the Ecumenical Temple.
  4565 | D:8      | Found a radiant altar of Vehumet.
  4787 | D:8      | Reached skill level 14 in Axes
  4864 | D:8      | Noticed cedor's ghost (novice OpWr)
  4866 | D:8      | Noticed a hill giant
  4881 | D:8      | Killed cedor's ghost
  4885 | D:8      | Killed a hill giant
  4885 | D:8      | Reached XP level 10. HP: 68/77 MP: 10/10
  4888 | D:8      | Found a sparkling altar of Nemelex Xobeh.
  4893 | D:8      | Reached skill level 15 in Axes
  5070 | D:8      | Noticed Psyche
  5083 | D:8      | Killed Psyche
  5565 | D:9      | Found a staircase to the Orcish Mines.
  5861 | D:9      | Reached skill level 16 in Axes
  5893 | D:9      | Found a staircase to the Lair.
  5952 | D:9      | Found Botupiuss's Assorted Antiques.
  5967 | D:9      | Bought a pair of glowing gloves for 409 gold pieces
  6154 | D:9      | Reached skill level 10 in Armour
  6368 | D:10     | Entered Level 10 of the Dungeon
  6405 | D:10     | Reached XP level 11. HP: 79/82 MP: 11/11
  6418 | D:10     | Gained mutation: Your flesh is cold resistant. (rC+) [mutagenic meat]
  6419 | D:10     | Gained mutation: Your magical capacity is low. (-10% MP) [mutagenic meat]
  6420 | D:10     | Gained mutation: Your mind is acute. (Int +2) [mutagenic meat]
  6440 | D:10     | Noticed a hill giant
  6453 | D:10     | Killed a hill giant
  6453 | D:10     | Reached skill level 17 in Axes
  6520 | D:10     | Reached ***** piety under Trog
  6651 | D:10     | Noticed a hill giant
  6662 | D:10     | Killed a hill giant
  6718 | D:10     | Received a gift from Trog
  7307 | D:10     | Noticed a deep elf mage
  7329 | D:10     | Killed a deep elf mage
  7329 | D:10     | Reached skill level 18 in Axes
  7473 | D:11     | Noticed Maurice
  7485 | D:11     | Killed Maurice
  7542 | D:11     | Found a stormy altar of Qazlal.
  7877 | D:11     | Identified a scroll of acquirement
  8242 | D:11     | Reached XP level 12. HP: 84/90 MP: 10/10
  8265 | D:12     | Received a gift from Trog
  8349 | D:12     | Reached skill level 19 in Axes
  9299 | D:13     | Found an ancient bone altar of Kikubaaqudgha.
  9322 | D:13     | Noticed a centaur warrior
  9334 | D:13     | Killed a centaur warrior
  9663 | D:13     | Got a smoking mace
  9664 | D:13     | Identified the cursed +2 mace "Anisoigh" {flame, +Blink +Fly Dex+4} (You found it on level 13 of the Dungeon)
  9715 | D:13     | Reached skill level 20 in Axes
  9951 | D:13     | Reached skill level 5 in Fighting
 10696 | D:14     | Noticed a centaur warrior
 10697 | D:14     | Noticed Frances
 10708 | D:14     | Noticed a sun demon
 10719 | D:14     | Killed Frances
 10719 | D:14     | Reached XP level 13. HP: 108/108 MP: 11/11
 10824 | D:14     | Noticed Snorg
 10834 | D:14     | Killed Snorg
 10904 | D:14     | Received a gift from Trog
 10904 | D:14     | Reached skill level 10 in Fighting
 11083 | D:14     | Gained mutation: You are frail. (-10% HP) [mutagenic meat]
 11331 | D:14     | Lost mutation: You are frail. (-10% HP) [potion of cure mutation]
 11331 | D:14     | Lost mutation: Your mind is acute. (Int +2) [potion of cure mutation]
 11331 | D:14     | Lost mutation: Your magical capacity is low. (-10% MP) [potion of cure mutation]
 11331 | D:14     | Lost mutation: Your flesh is cold resistant. (rC+) [potion of cure mutation]
 11903 | D:14     | Found a gate to the Vaults.
 12062 | D:15     | Entered Level 15 of the Dungeon
 12165 | D:15     | Found a staircase to the Depths.
 12249 | D:15     | Noticed esc's ghost (adept VSFi)
 12261 | D:15     | Killed esc's ghost
 12261 | D:15     | Reached XP level 14. HP: 129/129 MP: 14/14
 13362 | D:15     | Gained mutation: You have a pair of small antennae on your head. [potion of beneficial mutation]
 13363 | D:15     | Lost mutation: You have a pair of small antennae on your head. [potion of cure mutation]
 13536 | Lair:1   | Entered Level 1 of the Lair of Beasts
 13805 | Lair:1   | Noticed Fannar
 13813 | Lair:1   | Killed Fannar
 14147 | Lair:2   | Reached ****** piety under Trog
 14148 | Lair:2   | Reached skill level 21 in Axes
 14759 | Lair:3   | Received a gift from Trog
 14764 | Lair:3   | Reached skill level 5 in Dodging
 14922 | Lair:3   | Found a staircase to the Swamp.
 14960 | Lair:3   | Got a pair of slimy gloves
 14971 | Lair:3   | Identified the +0 pair of gloves "Foelirof" {rPois MR+ Int+3} (You acquired it on level 3 of the Lair of Beasts)
 15593 | Lair:4   | Found a staircase to the Snake Pit.
 15925 | Lair:5   | Reached XP level 15. HP: 126/136 MP: 15/15
 15992 | Lair:5   | Found a staircase to the Slime Pits.
 16044 | Lair:5   | Reached skill level 22 in Axes
 16101 | Lair:5   | Gained mutation: You are clumsy. (Dex -2) [potion of mutation]
 16101 | Lair:5   | Gained mutation: You tend to lose your temper in combat. [potion of mutation]
 16101 | Lair:5   | Gained mutation: Your magical capacity is low. (-10% MP) [potion of mutation]
 16102 | Lair:5   | Lost mutation: Your magical capacity is low. (-10% MP) [potion of cure mutation]
 16102 | Lair:5   | Lost mutation: You tend to lose your temper in combat. [potion of cure mutation]
 16102 | Lair:5   | Lost mutation: You are clumsy. (Dex -2) [potion of cure mutation]
 16411 | Lair:5   | Received a gift from Trog
 16530 | Lair:6   | Entered Level 6 of the Lair of Beasts
 17050 | Lair:6   | Got a twitching sapphire amulet
 17052 | Lair:6   | Identified the amulet "Xowkel" {+Rage +Inv Str+4} (You found it on level 6 of the Lair of Beasts)
 17440 | Lair:6   | Reached skill level 15 in Armour
 18246 | Swamp:1  | Entered Level 1 of the Swamp
 18418 | Swamp:1  | Reached skill level 23 in Axes
 18553 | Swamp:1  | Received a gift from Trog
 18602 | Swamp:1  | Reached XP level 16. HP: 25/144 MP: 16/16
 19346 | Swamp:2  | Noticed a thorn hunter
 19354 | Swamp:2  | Killed a thorn hunter
 20753 | Swamp:4  | Entered Level 4 of the Swamp
 20772 | Swamp:4  | Received a gift from Trog
 20773 | Swamp:4  | Noticed a thorn hunter
 20789 | Swamp:3  | Reached skill level 24 in Axes
 21338 | Swamp:4  | Killed a thorn hunter
 21790 | Swamp:4  | Noticed puimuR's ghost (journeyman OpWr)
 21803 | Swamp:4  | Killed puimuR's ghost
 22373 | Swamp:4  | Noticed a thorn hunter
 22387 | Swamp:4  | Killed a thorn hunter
 22399 | Swamp:4  | Reached XP level 17. HP: 75/150 MP: 17/17
 22796 | Swamp:4  | Noticed the 27-headed Lernaean hydra
 22810 | Swamp:4  | Killed the 27-headed Lernaean hydra
 22845 | Swamp:4  | Got a decaying rune of Zot
 23360 | Orc:1    | Entered Level 1 of the Orcish Mines
 23363 | Orc:1    | Found Rinapieg's Gadget Shoppe.
 23384 | Orc:1    | Bought a +2 rod of clouds (11/11) for 1440 gold pieces
 23494 | Orc:2    | Entered Level 2 of the Orcish Mines
 23523 | Orc:2    | Found a roughly hewn altar of Beogh.
 23525 | Orc:2    | Noticed Rupert
 23526 | Orc:2    | Noticed Sonja
 23541 | Orc:2    | Killed Sonja
 23545 | Orc:2    | Killed Rupert
 23666 | Orc:2    | Reached skill level 25 in Axes
 23893 | Orc:2    | Noticed Saint Roka
 23929 | Orc:2    | Killed Saint Roka
 23997 | Orc:2    | Received a gift from Trog
 23998 | Orc:2    | Found a roughly hewn altar of Beogh.
 24000 | Orc:2    | Noticed Nergalle
 24025 | Orc:2    | Killed Nergalle
 24026 | Orc:2    | Found Novug's Jewellery Shop.
 24038 | Orc:2    | Found Helivuso's Antique Weapon Shop.
 24414 | Orc:2    | Found Jyssoux's General Store.
 24429 | Orc:2    | Found Uleom's Antique Armour Shop.
 24495 | Orc:2    | Got a smoking battleaxe {god gift}
 24496 | Orc:2    | Identified the +7 battleaxe "Death Rattle" {distort, Str+5} (Trog gifted it to you on level 2 of the Orcish Mines)
 24823 | Orc:2    | Found a staircase to the Elven Halls.
 25217 | Vaults:1 | Entered Level 1 of the Vaults
 25446 | Vaults:1 | Received a gift from Trog
 25567 | Vaults:1 | Reached skill level 26 in Axes
 26000 | Vaults:1 | Reached XP level 18. HP: 148/159 MP: 18/18
 26663 | Vaults:1 | Received a gift from Trog
 27171 | Vaults:2 | Reached skill level 1 in Evocations
 27324 | Vaults:2 | Found Gozag's Antique Armour Emporium.
 27333 | Vaults:2 | Found Gozag's Assorted Antiques.
 27333 | Vaults:2 | Found an opulent altar of Gozag.
 27393 | Vaults:2 | Found Gozag's Antique Armour Shoppe.
 27404 | Vaults:2 | Bought an encrusted hat for 900 gold pieces
 27414 | Vaults:2 | Identified the +1 hat "Wuorih Yfyw" {rN+ Int-2 SInv Stlth+} (You bought it in a shop on level 2 of the Vaults)
 27440 | Vaults:2 | Reached skill level 5 in Evocations
 28627 | Vaults:2 | Received a gift from Trog
 28627 | Vaults:2 | Reached XP level 19. HP: 168/168 MP: 26/26
 28926 | Vaults:3 | Reached skill level 10 in Dodging
 28942 | Vaults:3 | HP: 1/169 [deep elf archer/arrow[an ironheart preserver] (19)]
 28942 | Vaults:3 | Shot with an arrow by a deep elf archer

Skill      XL: |  1  2  3  4  5  6  7  8  9 10 11 12 13 14 15 16 17 18 19 |
---------------+----------------------------------------------------------+-----
Axes           | 5 6 8 9 10 12 14 16 18 20 21 23 24 26 | 26.7
Armour         | 4 5 7 8 10 11 12 13 14 15 16 | 16.9
Dodging        | 2 3 5 7 8 9 10 | 10.0
Fighting       | 8 13 14 | 14.8
Evocations     | 9 |  9.6

Action                   |  1- 3 |  4- 6 |  7- 9 | 10-12 | 13-15 | 16-18 | 19-21 || total
-------------------------+-------+-------+-------+-------+-------+-------+-------++-------
Melee: Hand axe          |    96 |       |       |       |       |       |       ||    96
       War axe           |    25 |    93 |    61 |       |       |       |       ||   179
       Battleaxe         |       |       |   202 |   729 |   576 |       |    90 ||  1597
       Executioner's axe |       |       |       |     2 |   244 |   984 |     3 ||  1233
       Great mace        |       |       |       |       |       |   176 |       ||   176
Throw: Throwing net      |       |       |       |     1 |     1 |     1 |       ||     3
Invok: Berserk           |       |     1 |     2 |     9 |    14 |    14 |     1 ||    41
       Trog's Hand       |       |       |     4 |     4 |     9 |    14 |     2 ||    33
       Burn Spellbooks   |       |       |       |     2 |     3 |     1 |       ||     6
       Brothers in Arms  |       |       |       |     1 |       |     3 |       ||     4
 Abil: Evoke Invisibilit |       |       |       |       |       |     1 |       ||     1
Evoke: Wand              |       |       |     1 |       |     3 |     5 |       ||     9
  Use: Potion            |       |     5 |       |       |    12 |     7 |     1 ||    25
       Scroll            |       |       |     9 |     8 |    10 |     9 |     2 ||    38
 Stab: Held in net/web   |       |       |       |     1 |     2 |     1 |       ||     4
       Invisible         |       |       |       |       |       |     5 |       ||     5
       Confused          |       |       |       |       |       |     1 |       ||     1
       Distracted        |       |       |       |       |       |     1 |       ||     1
  Eat: Chunk             |     1 |     1 |     3 |    21 |    23 |    14 |       ||    63
       Bread ration      |       |     1 |     2 |     1 |       |       |       ||     4
       Pizza             |       |       |       |     2 |       |       |       ||     2
       Meat ration       |       |       |       |     2 |     3 |     7 |     1 ||    13
       Royal jelly       |       |       |       |       |     1 |     1 |       ||     2
       Beef jerky        |       |       |       |       |     3 |       |       ||     3
Armor: Animal skin       |    25 |       |       |       |       |       |       ||    25
       Ring mail         |     5 |       |       |       |       |       |       ||     5
       Chain mail        |     1 |    53 |   160 |   306 |    84 |       |       ||   604
       Plate armour      |       |       |       |       |   359 |   714 |    56 ||  1129
Dodge: Dodged            |    93 |    54 |   162 |   387 |   491 |   998 |    73 ||  2258
